TOP OF THE 1ST |
Baffin Island Beavers batting - Pitching for Maui Tropics : LHP Jerry Martin
|
Pitching: LHP Jerry Martin
|
|
Batting: LHB Norberto Muńóz
|
0-0: Called Strike 0-1: Bunt for hit - play at first, batter safe!
|
Batting: LHB Robert Phillips
|
0-0: Called Strike 0-1: Ball 1-1: Ball 2-1: Foul Ball, location: 2F 2-2: Foul Ball, location: 2F 2-2: Strikes out swinging
|
Batting: RHB Dave Craig
|
0-0: Foul Ball, location: 2F 0-1: Foul Ball, location: 2F 0-2: Fly out, F9 (Line Drive, 9)
|
Batting: RHB Raúl Soto
|
0-0: Foul Ball, location: 2F 0-1: Ball 1-1: Swinging Strike 1-2: SINGLE (Groundball, 6D) Norberto Muńóz to second
|
Batting: RHB José Aguilera
|
0-0: Ball 1-0: Called Strike 1-1: Foul Ball, location: 2F 1-2: Ground out 5-3 (Groundball, 56S)
|
Top of the 1st over - 0 run(s), 2 hit(s), 0 error(s), 2 left on base; Baffin Island 0 - Maui 0 |
BOTTOM OF THE 1ST |
Maui Tropics batting - Pitching for Baffin Island Beavers : RHP Thierry Garneau
|
Pitching: RHP Thierry Garneau
|
|
Batting: LHB Mike Pearson
|
0-0: Ball 1-0: Fly out, F2 (Popup, 3S)
|
Batting: LHB Luis Antonio Torres
|
0-0: Called Strike 0-1: Ground out 6-3 (Groundball, 6)
|
Batting: RHB Jesús Espinoza
|
0-0: Called Strike 0-1: Swinging Strike 0-2: Ball 1-2: Ball 2-2: Strikes out looking
|
Bottom of the 1st over - 0 run(s), 0 hit(s), 0 error(s), 0 left on base; Baffin Island 0 - Maui 0 |
TOP OF THE 2ND |
Baffin Island Beavers batting - Pitching for Maui Tropics : LHP Jerry Martin
|
Batting: SHB Ron Edwards
|
0-0: Ball 1-0: Ball 2-0: Foul Ball, location: 2F 2-1: Swinging Strike 2-2: Ball 3-2: Base on Balls
|
Batting: LHB Keng-chi Lao
|
0-0: Ball 1-0: Foul Ball, location: 2F 1-1: Ball 2-1: Ball 3-1: Fielders Choice at 2nd, 3-6 (Groundball, 34)
|
Batting: LHB Mike MacFadden
|
0-0: Called Strike 0-1: SINGLE (Groundball, 4MD) Keng-chi Lao to second
|
Batting: LHB Howard Evans
|
0-0: Called Strike 0-1: Ball 1-1: Ball 2-1: Ball 3-1: Base on Balls Keng-chi Lao to third Mike MacFadden to second
|
Batting: LHB Norberto Muńóz
|
0-0: Foul Ball, location: 2F 0-1: Ball 1-1: Called Strike 1-2: Ball 2-2: Ball 3-2: Foul Ball, location: 2F 3-2: Fly out, F8 (Flyball, 89XD) Runner from 3rd tags up, SCORES, no throw
|
Now in CF: José Rodríguez
|
|
Batting: LHB Robert Phillips
|
0-0: Called Strike 0-1: Ball 1-1: Ball 2-1: Fly out, F4 (Line Drive, 4)
|
Top of the 2nd over - 1 run(s), 1 hit(s), 0 error(s), 2 left on base; Baffin Island 1 - Maui 0 |
BOTTOM OF THE 2ND |
Maui Tropics batting - Pitching for Baffin Island Beavers : RHP Thierry Garneau
|
Batting: RHB Luis Alou
|
0-0: Called Strike 0-1: Foul Ball, location: 2F 0-2: SINGLE (Groundball, 34D)
|
Batting: LHB José Rivas
|
0-0: Ball Wild Pitch! Luis Alou to second 1-0: Fly out, F8 (Flyball, 8LD)
|
Batting: RHB José Herrera
|
0-0: Ball 1-0: Called Strike 1-1: Called Strike 1-2: Ball 2-2: Foul Ball, location: 2F 2-2: Strikes out swinging
|
Batting: RHB Michael Woodruff
|
0-0: Fly out, F3 (Popup, 34)
|
Bottom of the 2nd over - 0 run(s), 1 hit(s), 0 error(s), 1 left on base; Baffin Island 1 - Maui 0 |
TOP OF THE 3RD |
Baffin Island Beavers batting - Pitching for Maui Tropics : LHP Jerry Martin
|
Batting: RHB Dave Craig
|
0-0: Ball 1-0: Ball 2-0: Called Strike 2-1: Foul Ball, location: 2F 2-2: Foul Ball, location: 2F 2-2: Ball 3-2: Base on Balls
|
Batting: RHB Raúl Soto
|
0-0: Ball 1-0: Called Strike 1-1: SINGLE (Groundball, 56D) Dave Craig to second
|
Batting: RHB José Aguilera
|
0-0: Ball 1-0: SINGLE (Groundball, 34D) Dave Craig to third Raúl Soto to second Runner from 3rd tries for Home, SAFE, throw made home Raúl Soto to third José Aguilera to second
|
Batting: SHB Ron Edwards
|
0-0: Swinging Strike 0-1: Ball 1-1: Foul Ball, location: 2F 1-2: Strikes out swinging
|
Batting: LHB Keng-chi Lao
|
0-0: Foul Ball, location: 2F 0-1: Foul Ball, location: 2F 0-2: Ground out U3 (Groundball, 3)
|
Batting: LHB Mike MacFadden
|
0-0: Ball 1-0: Ball 2-0: Fly out, F9 (Flyball, 89XD)
|
Top of the 3rd over - 1 run(s), 2 hit(s), 0 error(s), 2 left on base; Baffin Island 2 - Maui 0 |
BOTTOM OF THE 3RD |
Maui Tropics batting - Pitching for Baffin Island Beavers : RHP Thierry Garneau
|
Batting: RHB Matt Silver
|
0-0: Called Strike 0-1: Foul Ball, location: 2F 0-2: Ball 1-2: Strikes out looking
|
Batting: RHB José Rodríguez
|
0-0: Foul Ball, location: 2F 0-1: SINGLE (Line Drive, 56D)
|
Batting: LHB Mike Pearson
|
0-0: Ball 1-0: Ball 2-0: Foul Ball, location: 2F 2-1: Swinging Strike 2-2: Strikes out swinging
|
Batting: LHB Luis Antonio Torres
|
0-0: Called Strike 0-1: Fielders Choice at 2nd, 4-6 (Groundball, 4)
|
Bottom of the 3rd over - 0 run(s), 1 hit(s), 0 error(s), 0 left on base; Baffin Island 2 - Maui 0 |
TOP OF THE 4TH |
Baffin Island Beavers batting - Pitching for Maui Tropics : LHP Jerry Martin
|
Batting: LHB Howard Evans
|
0-0: Called Strike 0-1: SINGLE (Line Drive, 89S)
|
Batting: LHB Norberto Muńóz
|
0-0: Ground out 4-3 (Groundball, 4S) Howard Evans to second
|
Batting: LHB Robert Phillips
|
0-0: Called Strike 0-1: Ball 1-1: Ball 2-1: Swinging Strike 2-2: Strikes out swinging
|
Batting: RHB Dave Craig
|
0-0: Ball 1-0: Called Strike 1-1: Ball 2-1: Ball 3-1: SINGLE (Groundball, 56D) Howard Evans to third Runner from 3rd tries for Home, SAFE, throw made home Dave Craig to second
|
Batting: RHB Raúl Soto
|
0-0: Called Strike 0-1: Ball 1-1: Ball 2-1: Foul Ball, location: 2F 2-2: Foul Ball, location: 2F 2-2: Foul Ball, location: 2F 2-2: Fly out, F7 (Flyball, 7LM)
|
Top of the 4th over - 1 run(s), 2 hit(s), 0 error(s), 1 left on base; Baffin Island 3 - Maui 0 |
BOTTOM OF THE 4TH |
Maui Tropics batting - Pitching for Baffin Island Beavers : RHP Thierry Garneau
|
Batting: RHB Jesús Espinoza
|
0-0: Ball 1-0: Fly out, F6 (Line Drive, 6M)
|
Batting: RHB Luis Alou
|
0-0: Foul Ball, location: 2F 0-1: Fly out, F8 (Flyball, 89M)
|
Batting: LHB José Rivas
|
0-0: Ball 1-0: Ball 2-0: Foul Ball, location: 2F 2-1: Foul Ball, location: 2F 2-2: Foul Ball, location: 2F 2-2: DOUBLE (Line Drive, 89XD)
|
Batting: RHB José Herrera
|
0-0: Ball 1-0: Ball 2-0: Ball 3-0: Called Strike 3-1: Base on Balls
|
Batting: RHB Michael Woodruff
|
0-0: Foul Ball, location: 2F 0-1: Ball 1-1: Swinging Strike 1-2: Ball 2-2: SINGLE (Groundball, 34D) José Rivas to third José Herrera to second Runner from 3rd tries for Home, SAFE, no throw
|
Batting: RHB Matt Silver
|
0-0: Foul Ball, location: 2F 0-1: Foul Ball, location: 2F 0-2: Strikes out swinging
|
Bottom of the 4th over - 1 run(s), 2 hit(s), 0 error(s), 2 left on base; Baffin Island 3 - Maui 1 |
TOP OF THE 5TH |
Baffin Island Beavers batting - Pitching for Maui Tropics : LHP Jerry Martin
|
Batting: RHB José Aguilera
|
0-0: Ball 1-0: Ball 2-0: Ball 3-0: Called Strike 3-1: DOUBLE (Line Drive, 89XD)
|
Batting: SHB Ron Edwards
|
0-0: Called Strike 0-1: Fly out, F8 (Flyball, 8RM)
|
Batting: LHB Keng-chi Lao
|
0-0: Called Strike 0-1: Ball 1-1: Ball 2-1: Called Strike 2-2: Fly out, F4 (Popup, 4D)
|
Batting: LHB Mike MacFadden
|
0-0: Ball 1-0: Foul Ball, location: 2F 1-1: SINGLE (Flyball, 7S) José Aguilera to third Runner from 3rd tries for Home, SAFE, no throw
|
Batting: LHB Howard Evans
|
0-0: Called Strike 0-1: Ground out 3-1 (Groundball, 34S)
|
Top of the 5th over - 1 run(s), 2 hit(s), 0 error(s), 1 left on base; Baffin Island 4 - Maui 1 |
BOTTOM OF THE 5TH |
Maui Tropics batting - Pitching for Baffin Island Beavers : RHP Thierry Garneau
|
Batting: RHB José Rodríguez
|
0-0: Foul Ball, location: 2F 0-1: Called Strike 0-2: Foul Ball, location: 2F 0-2: Strikes out swinging
|
Batting: LHB Mike Pearson
|
0-0: Ball 1-0: Foul Ball, location: 2F 1-1: SOLO HOME RUN (Flyball, 9D), Distance : 365 ft
|
Batting: LHB Luis Antonio Torres
|
0-0: Foul Ball, location: 2F 0-1: Ball 1-1: SOLO HOME RUN (Flyball, 89XD), Distance : 379 ft
|
Batting: RHB Jesús Espinoza
|
0-0: Ball 1-0: Foul Ball, location: 2F 1-1: Ball 2-1: Foul Ball, location: 2F 2-2: Strikes out swinging
|
Batting: RHB Luis Alou
|
0-0: Ball 1-0: Ground out 6-3 (Groundball, 6)
|
Bottom of the 5th over - 2 run(s), 2 hit(s), 0 error(s), 0 left on base; Baffin Island 4 - Maui 3 |
TOP OF THE 6TH |
Baffin Island Beavers batting - Pitching for Maui Tropics : LHP Jerry Martin
|
Pitching: RHP Luis De Los Ángeles
|
|
Batting: LHB Norberto Muńóz
|
0-0: Foul Ball, location: 2F 0-1: SINGLE (Flyball, 78S)
|
Batting: LHB Robert Phillips
|
0-0: Ball 1-0: Ball 2-0: Foul Ball, location: 2F 2-1: Ground out 5-3 (Groundball, 56S) Norberto Muńóz to second
|
Batting: RHB Dave Craig
|
0-0: Intentional Walk
|
Batting: RHB Raúl Soto
|
0-0: Ball 1-0: Ball Norberto Muńóz is caught stealing 3rd base Dave Craig to second 2-0: SINGLE (Groundball, 6MD) Dave Craig to third Runner from 3rd tries for Home, SAFE, no throw
|
Batting: RHB José Aguilera
|
0-0: Ball 1-0: Called Strike 1-1: Swinging Strike 1-2: Strikes out swinging
|
Top of the 6th over - 1 run(s), 2 hit(s), 0 error(s), 1 left on base; Baffin Island 5 - Maui 3 |
BOTTOM OF THE 6TH |
Maui Tropics batting - Pitching for Baffin Island Beavers : RHP Thierry Garneau
|
Batting: LHB José Rivas
|
0-0: Called Strike 0-1: SOLO HOME RUN (Flyball, 9D), Distance : 346 ft
|
Batting: RHB José Herrera
|
0-0: Ball 1-0: Foul Ball, location: 2F 1-1: Ball 2-1: Ball 3-1: Base on Balls
|
Batting: RHB Michael Woodruff
|
0-0: Ball 1-0: Called Strike 1-1: Ball 2-1: Swinging Strike 2-2: Strikes out swinging
|
Batting: RHB Matt Silver
|
0-0: Called Strike 0-1: Ball 1-1: DOUBLE (Line Drive, 78D) José Herrera to third
|
Batting: RHB José Rodríguez
|
0-0: Ball 1-0: Called Strike 1-1: Foul Ball, location: 2F 1-2: Ball 2-2: Ball 3-2: Ground out 1-3 (Groundball, 13S)
|
Batting: LHB Mike Pearson
|
0-0: Foul Ball, location: 2F 0-1: Ground out 5-3 (Groundball, 56S)
|
Bottom of the 6th over - 1 run(s), 2 hit(s), 0 error(s), 2 left on base; Baffin Island 5 - Maui 4 |
TOP OF THE 7TH |
Baffin Island Beavers batting - Pitching for Maui Tropics : RHP Luis De Los Ángeles
|
Batting: SHB Ron Edwards
|
0-0: Ball 1-0: Fly out, F6 (Line Drive, 6M)
|
Batting: LHB Keng-chi Lao
|
0-0: Called Strike 0-1: SINGLE (Line Drive, 89S)
|
Batting: LHB Mike MacFadden
|
0-0: Called Strike 0-1: Ball 1-1: 2-RUN HOME RUN (Flyball, 9D), Distance : 355 ft
|
Pitching: RHP Yong-taek Yi
|
|
Batting: LHB Howard Evans
|
0-0: Ground out 5-3 (Groundball, 56)
|
Batting: LHB Norberto Muńóz
|
0-0: Called Strike 0-1: Called Strike 0-2: Ground out U3 (Groundball, 3)
|
Top of the 7th over - 2 run(s), 2 hit(s), 0 error(s), 0 left on base; Baffin Island 7 - Maui 4 |
BOTTOM OF THE 7TH |
Maui Tropics batting - Pitching for Baffin Island Beavers : RHP Thierry Garneau
|
Pitching: LHP Jaime Guzmán
|
|
Now at 2B: António Valdéz
|
|
Batting: LHB Luis Antonio Torres
|
0-0: Ball 1-0: Ground out U3 (Groundball, 34)
|
Batting: RHB Jesús Espinoza
|
0-0: Swinging Strike 0-1: Swinging Strike 0-2: Ball 1-2: Strikes out swinging
|
Batting: RHB Luis Alou
|
0-0: Foul Ball, location: 2F 0-1: Ball 1-1: Ground out 5-3 (Groundball, 5)
|
Bottom of the 7th over - 0 run(s), 0 hit(s), 0 error(s), 0 left on base; Baffin Island 7 - Maui 4 |
TOP OF THE 8TH |
Baffin Island Beavers batting - Pitching for Maui Tropics : RHP Yong-taek Yi
|
Batting: LHB Robert Phillips
|
0-0: Ball 1-0: Ball 2-0: Foul Ball, location: 2F 2-1: Ground out 4-3 (Groundball, 4)
|
Batting: RHB Dave Craig
|
0-0: Foul Ball, location: 2F 0-1: Ball 1-1: Called Strike 1-2: Ball 2-2: Ball 3-2: Fly out, F5 (Popup, 5L)
|
Batting: RHB Raúl Soto
|
0-0: Ball 1-0: Called Strike 1-1: Called Strike 1-2: Ball 2-2: DOUBLE (Flyball, 9D)
|
Batting: RHB José Aguilera
|
0-0: Swinging Strike 0-1: Ground out 4-3 (Groundball, 34)
|
Top of the 8th over - 0 run(s), 1 hit(s), 0 error(s), 1 left on base; Baffin Island 7 - Maui 4 |
BOTTOM OF THE 8TH |
Maui Tropics batting - Pitching for Baffin Island Beavers : LHP Jaime Guzmán
|
Batting: LHB José Rivas
|
0-0: Ball 1-0: Swinging Strike 1-1: Fly out, F7 (Flyball, 7LS)
|
Batting: RHB José Herrera
|
0-0: Ball 1-0: Swinging Strike 1-1: Swinging Strike 1-2: Ball 2-2: Strikes out swinging
|
Batting: RHB Michael Woodruff
|
0-0: Ball 1-0: Called Strike 1-1: Fly out, F5 (Popup, 5D)
|
Bottom of the 8th over - 0 run(s), 0 hit(s), 0 error(s), 0 left on base; Baffin Island 7 - Maui 4 |
TOP OF THE 9TH |
Baffin Island Beavers batting - Pitching for Maui Tropics : RHP Yong-taek Yi
|
Batting: SHB Ron Edwards
|
0-0: Foul Ball, location: 2F 0-1: Ball 1-1: Foul Ball, location: 2F 1-2: Ball 2-2: Fly out, F9 (Flyball, 89M)
|
Pitching: RHP Juan González
|
|
Batting: RHB António Valdéz
|
0-0: Swinging Strike 0-1: Ball 1-1: Foul Ball, location: 2F 1-2: Strikes out swinging
|
Batting: LHB Mike MacFadden
|
0-0: Foul Ball, location: 2F 0-1: Ball 1-1: Called Strike 1-2: Ball 2-2: Ball 3-2: Strikes out looking
|
Top of the 9th over - 0 run(s), 0 hit(s), 0 error(s), 0 left on base; Baffin Island 7 - Maui 4 |
BOTTOM OF THE 9TH |
Maui Tropics batting - Pitching for Baffin Island Beavers : LHP Jaime Guzmán
|
Pitching: LHP Brent Miller
|
|
Batting: RHB Matt Silver
|
0-0: SINGLE (Line Drive, 7S)
|
Batting: RHB José Rodríguez
|
0-0: Ball 1-0: Ball 2-0: Fly out, F7 (Line Drive, 78M)
|
Batting: LHB Mike Pearson
|
0-0: Ball 1-0: Called Strike 1-1: Swinging Strike 1-2: Ball 2-2: Strikes out looking
|
Batting: LHB Luis Antonio Torres
|
0-0: SINGLE (Line Drive, 56) Matt Silver to second
|
Batting: RHB Jesús Espinoza
|
0-0: Ball 1-0: Foul Ball, location: 2F 1-1: SINGLE (Flyball, 7S) Matt Silver to third Luis Antonio Torres to second
|
Batting: RHB Luis Alou
|
0-0: Ball 1-0: Called Strike 1-1: Called Strike 1-2: Ball 2-2: Strikes out swinging
|
Bottom of the 9th over - 0 run(s), 3 hit(s), 0 error(s), 3 left on base; Baffin Island 7 - Maui 4 |
|